 Dungeon Crawl Stone Soup version 0.31.0 (webtiles) character file.

Game seed: 16649476664175953893

73 BeingJoeMalik the Poker (level 4, 0/42 HPs)
             Began as a Naga Fighter on Jan 19, 2024.
             Slain by a cerulean imp
             ... wielding a +2 spear
             ... summoned by Natasha
              (4 damage)
             ... on level 2 of the Dungeon.
             The game lasted 00:04:17 (1232 turns).

BeingJoeMalik the Poker (Naga Fighter)              Turns: 1232, Time: 00:04:17

Health: 0/42       AC:  6    Str: 20    XL:     4   Next: 27%
Magic:  4/4        EV:  7    Int:  9    God:
Gold:   58         SH:  4    Dex: 10    Spells: 3/3 levels left

rFire   . . .        a - +0 trident
rCold   . . .        c - +0 buckler
rNeg    . . .        b - +0 scale mail
rPois   +            (no helmet)
rElec   .            (no cloak)
rCorr   .            g - +0 pair of gloves
SInv    +            (no barding)
Will    .....        (no amulet) Stlth
                     (no ring)
HPRegen 0.27/turn    (no ring)
MPRegen 0.09/turn

%: no passive effects
@: mighty, slowed, very slow
A: AC +1, large, see invisible, deformed body, poison resistance, slowness 2,
spit poison 1, naga tail 1
a: Spit Poison


You were on level 2 of the Dungeon.
You visited 1 branch of the dungeon, and saw 2 of its levels.

You collected 58 gold pieces.

Inventory:

Hand Weapons
 a - a +0 trident (weapon)
Armour
 b - a +0 scale mail (worn)
 c - a +0 buckler (worn)
 g - a +0 pair of gloves (worn)
 k - a +0 ring mail of willpower
Scrolls
 f - 2 scrolls of teleportation {unknown}
 h - 2 scrolls of vulnerability {unknown}
 i - a scroll of enchant armour {unknown}
 m - a scroll of fear {unknown}
 n - a scroll of poison {unknown}
Potions
 e - a potion of brilliance {unknown}
 j - a potion of enlightenment {unknown}
 l - a potion of mutation {unknown}
 o - a potion of curing {unknown}


   Skills:
 - Level 3.0 Fighting
 + Level 4.4 Polearms
 - Level 2.4 Armour
 - Level 2.6 Shields


You had 3 spell levels left.
You didn't know any spells.
Your spell library contained the following spells:

 Spells                   Type           Power      Damage    Failure   Level
 Gell's Gravitas          Tloc           0%         N/A       99%         3
 Teleport Other           Tloc           0%         N/A       99%         3
 Dispersal                Tloc           0%         N/A       100%        6


Dungeon Overview and Level Annotations

Branches:
Dungeon (2/15)

Altars:

Annotations:
D:2 Natasha


Innate Abilities, Weirdness & Mutations

Your serpentine skin is tough. (AC +1)
You have supernaturally acute eyesight. (SInv)
Armour fits poorly on your strangely shaped body.
Your system is resistant to poisons. (rPois)
You cover ground very slowly.
You can spit poison.
You have a snake-like lower body.


Message History

Natasha barely misses you.
You hit Natasha but do no damage.
Natasha is almost dead.
The cerulean imp barely misses you.
Natasha stares at you and mumbles some strange words.
You feel yourself slow down.
You hit Natasha but do no damage.
Natasha is almost dead.
The cerulean imp hits you but does no damage.
Natasha claws you. You block the cerulean imp's attack.
Aiming: Spit Poison (1% risk of failure)
Press: ? - help, Q - select action Shift-Dir - straight line, f/p - Natasha
Aim: Natasha (almost dead, 50% to hit)
The splash of poison misses Natasha.
The splash of poison misses the cerulean imp.
Natasha barely misses you. The cerulean imp barely misses you.
Natasha mumbles some strange words.
You barely miss Natasha.
Natasha is almost dead.
The cerulean imp hits you but does no damage.
Natasha howls an incantation.
Natasha glows brightly for a moment.
Natasha claws you.
The cerulean imp hits you from afar with a +2 spear.
* * * LOW HITPOINT WARNING * * *
The cerulean imp hits you from afar with a +0 spear.
* * * LOW HITPOINT WARNING * * *
Unknown command.
You feel very mighty all of a sudden.
You have got your breath back.
Natasha claws you.
* * * LOW HITPOINT WARNING * * *
The cerulean imp hits you from afar with a +2 spear.
* * * LOW HITPOINT WARNING * * *
The cerulean imp hits you but does no damage.
Natasha wildly gestures.
You feel troubled. Natasha closely misses you.
The cerulean imp hits you from afar with a +2 spear.
You die...

##### # #...# ###.#
#.#(# ....#
#..5#############
.##### #5h@..........#
......
##.###########.######
...<..
....#................
.#####
#..h.#.#..............
.#..
#........####.........
.#.### #........#
#......... .#.#.#
#........####.........
...#.###..
......................
.........
.......#####.........


You could see Natasha and 2 cerulean imps.

Vanquished Creatures
  Natasha (D:2)
  An adder (D:2)
  An endoplasm (D:1)
  2 giant cockroaches (D:2)
  2 goblins
  6 hobgoblins
  8 jackals
  A quokka (D:1)
  3 ball pythons
  3 bats
  3 frilled lizards (D:1)
  3 kobolds
  A rat (D:1)
35 creatures vanquished.

Notes
Turn   | Place    | Note
-------+----------+-------------------------------------------
     0 | D:1      | BeingJoeMalik the Naga Fighter began the quest for the Orb.
     0 | D:1      | Reached XP level 1. HP: 21/21 MP: 1/1
   296 | D:1      | Reached XP level 2. HP: 28/28 MP: 2/2
   330 | D:1      | Reached skill level 3 in Polearms
   580 | D:2      | Noticed Natasha
   595 | D:2      | Killed Natasha
   596 | D:2      | Reached XP level 3. HP: 14/34 MP: 3/3
   721 | D:2      | Reached skill level 4 in Polearms
   776 | D:2      | Reached XP level 4. HP: 42/42 MP: 4/4
  1216 | D:2      | Noticed Natasha
  1232 | D:2      | Slain by a cerulean imp

Illustrated notes

Levels and vault maps discovered:
D:1:      dpeg_arrival_castle, layout_rooms
D:2:      layout_basic, hellmonk_ecumenical_altar_leap_of_faith, uniq_natasha

Skill      XL: |  1  2  3 |
---------------+----------+-----
Polearms       | 3 4 |  4.4
Fighting       | |  3.0
Armour         | |  2.4
Shields        | |  2.6

Action                     |  1- 3 |  4- 6 || total
---------------------------+-------+-------++-------
  Melee: Trident           |    50 |    33 ||    83
Ability: Spit Poison       |    20 |     7 ||    27
    Use: Potion            |     1 |     1 ||     2
 Armour: Scale mail        |    34 |    39 ||    73
  Dodge: Dodged            |    13 |    12 ||    25
  Block: Buckler           |     6 |     7 ||    13
